 Dungeon Crawl Stone Soup version 0.28-a0-667-g162e43154e (webtiles) character file.

Game seed: 6563470569587973468

5520 Lekart the Slasher (level 10, 0/83 HPs)
             Began as a Purple Draconian Fighter on Oct 17, 2021.
             Was a Follower of Makhleb.
             Succumbed to a killer bee's poison
             ... on level 9 of the Dungeon.
             The game lasted 00:27:59 (11740 turns).

Lekart the Slasher (Purple Draconian Fighter)      Turns: 11740, Time: 00:28:00

Health: 0/83       AC:  8    Str: 20 (22) XL:     10   Next: 43%
Magic:  18/18      EV: 13    Int: 10      God:    Makhleb [*.....]
Gold:   351        SH:  5    Dex: 11      Spells: 10/20 levels left

rFire   . . .      SeeInvis .   a - +2 long sword (flame)
rCold   . . .      Faith    .   b - +0 buckler
rNeg    . . .      Spirit   .   (armour unavailable)
rPois   +          Reflect  .   (helmet restricted)
rElec   .          Harm     .   (no cloak)
rCorr   .          Rampage  .   (no gloves)
Will    +....                   k - +0 pair of boots
Stlth   ++........              (no amulet)
HPRegen 0.23/turn               e - ring of poison resistance
MPRegen 0.16/turn               (no ring)

@: lethally poisoned (0 -> -5)
A: breathe power, AC +7, unfitting armour, cold-blooded, hooves 1, clever 1
a: Breathe Dispelling Energy, Renounce Religion


You were on level 9 of the Dungeon.
You worshipped Makhleb.
Makhleb was aware of your devotion.
You visited 3 branches of the dungeon, and saw 11 of its levels.

You collected 559 gold pieces.
You spent 208 gold pieces at shops.

Inventory:

Hand Weapons
 a - a +2 long sword of flaming (weapon)
Missiles
 m - 2 poisoned darts (quivered)
Armour
 b - a +0 buckler (worn)
 k - a +0 pair of boots (worn)
Jewellery
 e - a ring of poison resistance (left hand)
Scrolls
 d - 7 scrolls of identify
 g - 3 scrolls of amnesia
Potions
 c - a potion of haste
 h - a potion of magic
 j - a potion of resistance


   Skills:
 + Level 5.9 Fighting
 + Level 6.5 Long Blades
 + Level 4.3 Throwing
 + Level 5.3 Dodging
 + Level 2.4 Stealth
 + Level 4.9 Shields
 * Level 5.5 Spellcasting
 * Level 5.3 Transmutations
 * Level 4.9 Earth Magic
 * Level 4.9 Invocations
 + Level 2.3 Evocations


You had 10 spell levels left.
You knew the following spells:

 Your Spells              Type           Power      Damage    Failure   Level
a - Petrify               Tmut/Erth      13%        N/A       26%         4
b - Statue Form           Tmut/Erth      8%         N/A       99%         6

Your spell library contained the following spells:

 Spells                   Type           Power      Damage    Failure   Level
 Corpse Rot               Necr/Air       N/A        N/A       32%         2
 Ensorcelled Hibernation  Hex/Ice        4%         N/A       32%         2
 Poisonous Vapours        Pois/Air       4%         N/A       32%         2
 Tukima's Dance           Hex            2%         N/A       54%         3
 Metabolic Englaciation   Hex/Ice        1%         N/A       99%         5


Dungeon Overview and Level Annotations

Branches:
Dungeon (9/15)             Temple (1/1) D:4            Lair (1/6) D:9
    Orc: D:9-12

Altars:
Ashenzari
Cheibriados
Dithmenos
Elyvilon
Fedhas
Gozag
Hepliaklqana
Kikubaaqudgha
Makhleb
Okawaru
Qazlal
Ru
Sif Muna
Trog
Uskayaw
Vehumet
Wu Jian
Xom
Yredelemnul
Zin
The Shining One

Shops:
D:1 (   D:7 !

Annotations:
D:3 1 runed translucent door, Zigma's ghost, amateur OpNe
D:5 exclusion: 2 downstairs
D:7 exclusion: downstairs
D:8 exclusion: 2 downstairs


Innate Abilities, Weirdness & Mutations

You can breathe bolts of dispelling energy.
Your rich purple scales are hard. (AC +7)
You cannot fit into any form of body armour.
You are cold-blooded and may be slowed by cold attacks.
You have large cloven feet.
Your mind is acute. (Int +2)


Message History

The killer bee barely misses you.
You hear an angry buzzing noise.
You slash the killer bee! You burn the killer bee.
You kill the killer bee!
Makhleb accepts your kill.
You feel sick.
The killer bee is no longer berserk.
You block the killer bee's attack.
You barely miss the killer bee.
You feel sick. The killer bee closely misses you. x2
You aren't carrying any items that you can evoke.
Okay, then.
Okay, then.
You feel sick. The killer bee misses you.
You feel sick.
You are no longer poisoned.
There is an open door here.
The killer bee stings you.
* * * LOW HITPOINT WARNING * * *
The killer bee stings you.
* * * LOW HITPOINT WARNING * * *
The queen bee calls on the killer bee to defend it!
The killer bee goes berserk!
The killer bee misses you. The killer bee stings you.
* * * LOW HITPOINT WARNING * * *
There is an open door here.
The killer bee barely misses you.
As you read the scroll of fear, it crumbles to dust.
You assume a fearsome visage.
The killer bee is unaffected.
The killer bee looks frightened! x2; The killer bee looks more energetic.
The killer bee stings you.
* * * LOW HITPOINT WARNING * * *
The killer bee barely misses you. The killer bee closely misses you.
You feel better. The killer bee stings you!
* * * LOW HITPOINT WARNING * * *
You are poisoned.
The killer bee poisons you! The killer bee stings you!
* * * LOW HITPOINT WARNING * * *
The killer bee barely misses you.
Okay, then.
You die... #.y.yyy./. ..........# #y..yy..†† ..........# #yy.yyyy.!

#######.### #y##### #..##
#y.y..## ##..# #####..#
#########'# ####y###
#######..........
#....y.###....(+..........
+.y....y.@.#####..........
#......##### #..........
#......# #..........
#.y....# #.(........
####'#### #####'#####
#....## #.## ####..# #..#
#######'## ##.# .........#
#######'####


You could see a queen bee and 4 killer bees.

Vanquished Creatures
  Harold (D:7)
  An ugly thing (D:9)
  A rime drake (Lair:1)
  Psyche (D:8)
  Prince Ribbit (D:8)
  3 water moccasins
  Duvessa (D:6)
  Menkaure (D:6)
  Edmund (D:6)
  2 orc warriors
  A sky beast (D:5)
  A black bear (D:7)
  A tengu (D:6)
  A necrophage (D:5)
  7 ogres
  A centaur (D:8)
  A kobold brigand (D:9)
  Blork the orc (D:6)
  2 bullfrogs
  A gnoll sergeant (D:9)
  4 scorpions
  Dowan (D:6)
  3 killer bees (D:9)
  4 electric eels
  3 howler monkeys
  An orc priest (D:6)
  A bullfrog zombie (D:7)
  A centaur skeleton (D:6)
  A gnoll shaman (D:6)
  2 bullfrog skeletons
  4 hounds
  5 iguanas
  Ijyb (D:3)
  Natasha (thrice) (D:2)
  7 orc wizards
  3 killer bee zombies
  4 adders
  7 gnolls
  2 white imps
  An ufetubus (D:4)
  2 worms (D:2)
  3 dart slugs
  23 orcs
  9 bats
  4 endoplasms
  6 giant cockroaches
  6 goblins
  2 hobgoblins
  6 kobolds
  2 quokkas
  3 ball pythons
  A frilled lizard (D:3)
  2 rats
157 creatures vanquished.

Vanquished Creatures (others)
  An orc (D:6)
  9 plants
10 creatures vanquished.

Grand Total: 167 creatures vanquished

Notes
Turn   | Place    | Note
-------+----------+-------------------------------------------
     0 | D:1      | Lekart the Draconian Fighter began the quest for the Orb.
     0 | D:1      | Reached XP level 1. HP: 19/19 MP: 1/1
   225 | D:1      | Reached XP level 2. HP: 26/26 MP: 2/2
   445 | D:1      | Found Fusohec's Antique Weapon Emporium.
   817 | D:2      | Noticed Natasha
   820 | D:2      | Noticed a crimson imp
   827 | D:2      | Killed Natasha
   828 | D:2      | Reached skill level 1 in Throwing
   828 | D:2      | Reached XP level 3. HP: 26/33 MP: 3/3
  1084 | D:2      | Noticed Natasha
  1091 | D:2      | Killed Natasha
  1092 | D:2      | Reached XP level 4. HP: 32/40 MP: 4/4
  1258 | D:2      | Noticed Natasha
  1277 | D:2      | Killed Natasha
  1776 | D:3      | Noticed a bullfrog
  1777 | D:3      | Found a runed translucent door.
  1973 | D:3      | Noticed Ijyb
  1984 | D:3      | Killed Ijyb
  1985 | D:3      | Reached XP level 5. HP: 6/46 MP: 5/5
  2303 | D:3      | Learned a level 4 spell: Petrify
  2592 | D:3      | Noticed an ogre
  2675 | D:3      | Killed an ogre
  2992 | D:3      | Noticed Zigma's ghost (amateur OpNe)
  3101 | D:4      | Reached XP level 6. HP: 52/52 MP: 5/7
  3123 | D:4      | Found a staircase to the Ecumenical Temple.
  3129 | D:4      | Reached skill level 1 in Earth Magic
  3135 | Temple   | Entered the Ecumenical Temple
  3218 | Temple   | Became a worshipper of Makhleb the Destroyer
  3585 | Temple   | Reached skill level 1 in Transmutations
  3641 | D:4      | Found an ancient bone altar of Kikubaaqudgha.
  3649 | D:4      | Reached skill level 1 in Spellcasting
  3661 | D:4      | Reached skill level 3 in Long Blades
  3697 | D:4      | Reached skill level 1 in Invocations
  3697 | D:4      | Your scales start taking on a rich purple colour.
  3697 | D:4      | Reached XP level 7. HP: 24/58 MP: 9/9
  4225 | D:4      | Reached skill level 1 in Evocations
  4248 | D:4      | Gained mutation: Your mind is acute. (Int +2) [potion of
                  | mutation]
  4248 | D:4      | Gained mutation: Your natural rate of healing is unusually
                  | fast. [potion of mutation]
  4248 | D:4      | Gained mutation: You possess an exceptional clarity of
                  | mind. [potion of mutation]
  4653 | D:5      | Entered Level 5 of the Dungeon
  4900 | D:5      | Reached XP level 8. HP: 66/66 MP: 11/11
  5164 | D:5      | Found a blossoming altar of Fedhas.
  5366 | D:5      | Reached * piety under Makhleb
  5540 | D:6      | Noticed Dowan
  5542 | D:6      | Noticed Duvessa
  5547 | D:6      | Killed Dowan
  5558 | D:6      | Killed Duvessa
  5559 | D:6      | Reached skill level 4 in Long Blades
  5559 | D:6      | Reached skill level 1 in Stealth
  5695 | D:6      | Noticed Menkaure
  5699 | D:6      | Killed Menkaure
  6205 | D:5      | Reached XP level 9. HP: 65/72 MP: 14/14
  6596 | D:6      | Noticed Edmund
  6611 | D:6      | Killed Edmund
  6785 | D:6      | Reached skill level 5 in Long Blades
  6926 | D:6      | Noticed Blork the orc
  6939 | D:6      | Killed Blork the orc
  7210 | D:7      | Reached ** piety under Makhleb
  7379 | D:7      | Found Acadd's Distillery.
  7385 | D:7      | Bought 2 potions of mutation for 208 gold pieces
  7385 | D:7      | Lost mutation: Your mind is acute. (Int +2) [potion of
                  | mutation]
  7385 | D:7      | Lost mutation: Your natural rate of healing is unusually
                  | fast. [potion of mutation]
  7385 | D:7      | Lost mutation: You possess an exceptional clarity of mind.
                  | [potion of mutation]
  7385 | D:7      | Gained mutation: You are occasionally teleported next to
                  | monsters. [potion of mutation]
  7385 | D:7      | Gained mutation: You have large cloven feet. [potion of
                  | mutation]
  7386 | D:7      | Lost mutation: You are occasionally teleported next to
                  | monsters. [potion of mutation]
  7386 | D:7      | Lost mutation: You have large cloven feet. [potion of
                  | mutation]
  7386 | D:7      | Gained mutation: You have large cloven feet. [potion of
                  | mutation]
  7386 | D:7      | Gained mutation: Your mind is acute. (Int +2) [potion of
                  | mutation]
  7436 | D:6      | Reached skill level 5 in Fighting
  7855 | D:7      | Noticed Harold
  7866 | D:7      | Killed Harold
  7867 | D:7      | Reached skill level 5 in Dodging
  7875 | D:7      | Learned a level 6 spell: Statue Form
  8459 | D:8      | Found a broken altar of Ashenzari.
  8591 | D:8      | Noticed Psyche
  8596 | D:8      | Killed Psyche
  8597 | D:8      | Reached skill level 6 in Long Blades
  8597 | D:8      | Reached XP level 10. HP: 76/83 MP: 15/17
  8638 | D:8      | Noticed Prince Ribbit
  9076 | D:8      | Killed Prince Ribbit
  9077 | D:8      | Reached skill level 5 in Transmutations
  9849 | D:9      | Found a staircase to the Lair.
  9858 | Lair:1   | Entered Level 1 of the Lair of Beasts
  9906 | Lair:1   | Noticed a cane toad
  9907 | Lair:1   | Noticed a four-headed hydra
 10311 | D:8      | Reached skill level 5 in Spellcasting
 10914 | D:9      | Noticed a purple ugly thing
 11397 | D:9      | Killed a purple ugly thing
 11739 | D:9      | HP: 2/83 [killer bee (7)]
 11740 | D:9      | Succumbed to a killer bee's poison

Illustrated notes

Levels and vault maps discovered:
D:1:      sevenhm_arrival_forest_fort_large_4, layout_rooms, serial_shops,
          nicolae_shop_overgrown_old_shop, st_stairs_14, hangedman_decor_points,
          serial_bayou_pond_d
D:2:      layout_loops_ring, serial_glass, glass_columns_a, glass_columns_c,
          grunt_ministairs_11, kennysheep_another_room, uniq_natasha
D:3:      layout_loops_ring, ebering_ghost_sewer_d, kennysheep_generic_room_8,
          uniq_ijyb
D:4:      layout_loops_ring, mainiacjoe_overflow_six_doors_small,
          minmay_temple_entry_ruins, serial_rivers,
          chequers_serial_rivers_room_b, chequers_serial_rivers_micro_d,
          chequers_serial_rivers_room_a, chequers_serial_rivers_small_3,
          chequers_serial_rivers_large_b, kennysheep_generic_room_6
D:5:      layout_basic, fedhas_altar_1
D:6:      layout_rooms, chequers_jeans, chequers_big_river, uniq_blork_the_orc,
          uniq_duvessa, uniq_edmund, uniq_menkaure
D:7:      layout_basic, serial_shops, shop, nrook_pool_corridor, uniq_harold
D:8:      layout_loops_ring, evilmike_ruin_ashenzari, minivault_10,
          grunt_decor_resistance, uniq_psyche, uniq_prince_ribbit1
D:9:      layout_roguey [special_room_bee], lair_entry_dummy,
          due_unseen_surprise
Temple:   compressed_dpeg_circular_temple
Lair:1:   layout_misc_corridors

Skill      XL: |  1  2  3  4  5  6  7  8  9 10 |
---------------+-------------------------------+-----
Throwing       | 1 2 3 4 |  4.3
Dodging        | 3 4 5 |  5.3
Shields        | 4 |  4.9
Earth Magic    | 1 2 3 4 |  4.9
Transmutations | 1 2 3 4 5 |  5.3
Spellcasting   | 1 2 3 4 5 |  5.5
Long Blades    | 3 4 6 |  6.5
Invocations    | 1 2 3 4 |  4.9
Evocations     | 1 2 |  2.3
Fighting       | 4 5 |  5.9
Stealth        | 1 2 |  2.4

Action                   |  1- 3 |  4- 6 |  7- 9 | 10-12 || total
-------------------------+-------+-------+-------+-------++-------
Melee: Long sword        |    16 |    52 |   297 |    92 ||   457
       Tailslap          |     1 |     8 |    40 |    15 ||    64
       Kick              |       |       |    20 |    10 ||    30
Throw: Dart              |    83 |   111 |    38 |       ||   232
       Throwing net      |       |       |       |     1 ||     1
 Cast: Petrify           |       |       |       |    26 ||    26
 Abil: Breathe Dispellin |       |       |     5 |     2 ||     7
Evoke: Wand              |       |    19 |    25 |       ||    44
  Use: Potion            |       |     5 |     5 |     2 ||    12
       Scroll            |       |     2 |    10 |     4 ||    16
 Stab: Sleeping          |       |       |     2 |       ||     2
       Petrified         |       |       |       |    10 ||    10
       Distracted        |       |       |       |     1 ||     1
       Petrifying        |       |       |       |     1 ||     1
Armor: Skin              |    12 |    30 |   126 |    32 ||   200
Dodge: Dodged            |    25 |    60 |   204 |    69 ||   358
Block: Buckler           |    12 |    27 |    81 |    25 ||   145

Table legend: (Time is in decaauts)
 A = Elapsed time spent in this place.
 B = Non-inter-level travel time spent in this place.
 C = Inter-level travel time spent in this place.
 D = Time resting spent in this place.
 E = Time spent auto-exploring this place.
 F = Levels seen in this place.
 G = Mean time per level.
                   A        B        C        D        E       F      G
               +--------+--------+--------+--------+--------+-----+--------+
         Total |  11913 |  11234 |    679 |   2775 |   6072 |  11 | 1083.0 |
       Dungeon |  11390 |  10720 |    670 |   2485 |   6023 |   9 | 1265.6 |
        Temple |    376 |    367 |      9 |    243 |     49 |   1 |  376.0 |
          Lair |    147 |    147 |      0 |     47 |      0 |   1 |  147.0 |
               +--------+--------+--------+--------+--------+-----+--------+

Top non-repeatable levels by time:
     D:8: 2037 daAuts
     D:4: 1480 daAuts
     D:6: 1468 daAuts
     D:7: 1287 daAuts
     D:3: 1263 daAuts
     D:5: 1088 daAuts
     D:2: 1066 daAuts
     D:9: 981 daAuts
     D:1: 716 daAuts
  Temple: 376 daAuts
  Lair:1: 147 daAuts
